 Dungeon Crawl Stone Soup version 0.17-b1-15-g0f5fb43 (webtiles) character file.

713 Eucla the Chopper (level 7, -1/62 HPs)
             Began as a Minotaur Berserker on Nov 7, 2015.
             Was a High Priest of Trog.
             Slain by an iguana (8 damage)
             ... on level 5 of the Dungeon.
             The game lasted 00:04:31 (2191 turns).

Eucla the Chopper (Minotaur Berserker)              Turns: 2191, Time: 00:04:31

Health: -1/62      AC: 10    Str: 21    XL:     7   Next: 41%
Magic:  6/6        EV: 10    Int:  4    God:    Trog [*****.]
Gold:   202        SH:  0    Dex: 12    Spells: 0 memorised, 6 levels left

rFire  . . .     SeeInvis .     l - +2 hand axe (venom)
rCold  . . .     Clarity  .     w - +0 chain mail
rNeg   . . .     SustAt   .     (no shield)
rPois  .         Gourm    .     (helmet restricted)
rElec  .         Spirit   .     (no cloak)
rCorr  .         Warding  .     (no gloves)
rMut   .         Stasis   .     (no boots)
MR     ++...                    g - amulet of faith
Stlth  ..........               j - ring of stealth
                                s - ring of flight

@: exhausted, regenerating, very resistant to hostile enchantments, extremely
unstealthy
A: retaliatory headbutt, horns 2
a: Berserk, Trog's Hand, Brothers in Arms, Burn Spellbooks, Renounce Religion,
Evoke Flight


You were on level 5 of the Dungeon.
You worshipped Trog.
Trog was extremely pleased with you.
You were near starving.

You visited 1 branch of the dungeon, and saw 5 of its levels.

You collected 202 gold pieces.

Inventory:

Hand Weapons
 a - a +0 hand axe
 l - a +2 hand axe of venom (weapon)
Armour
 b - a +0 animal skin
 w - a +0 chain mail (worn)
Jewellery
 f - an uncursed ring of protection from fire
 g - an amulet of faith (around neck)
 j - a ring of stealth (right hand)
 r - an uncursed ring of protection from magic
 s - a ring of flight (left hand)
 t - an uncursed ring of protection from fire
Scrolls
 d - a scroll of random uselessness {unknown}
 e - 3 scrolls of identify {unknown}
 k - 3 scrolls of remove curse {unknown}
 m - a scroll of teleportation {unknown}
 o - a scroll of magic mapping {unknown}
 p - a scroll of blinking {unknown}
 v - 2 scrolls of amnesia {unknown}
 y - a scroll of immolation {unknown}
 z - a scroll of enchant weapon {unknown}
Potions
 i - 2 potions of degeneration {unknown}
 q - 2 potions of flight {unknown}
 u - 5 potions of poison {unknown}
 x - a potion of agility {unknown}
 A - a potion of haste {unknown}
 B - 2 potions of lignification {unknown}
 C - a potion of curing {unknown}
 D - a potion of resistance {unknown}
Comestibles
 c - 6 bread rations
 h - a meat ration


   Skills:
 + Level 5.9 Fighting
 + Level 6.2 Axes
 + Level 5.5 Armour
 + Level 4.9 Dodging


You had 6 spell levels left.
You didn't know any spells.

Dungeon Overview and Level Annotations

Branches:
Dungeon (5/15)
 Temple: D:4-7

Altars:
Fedhas
Qazlal
Trog
Xom


Innate Abilities, Weirdness & Mutations

You reflexively headbutt those who attack you in melee.
You have a pair of horns on your head.


Message History

The gnoll hits you but does no damage.
Your skin crawls.
You feel resistant to hostile enchantments.
You feel slightly more hungry. The gnoll hits you but does no damage.
The adder skeleton bites you but does no damage.
The iguana bites you.
* * * LOW HITPOINT WARNING * * *
Unknown command.
You completely miss the adder skeleton. You hit the gnoll.
The gnoll is poisoned.
The gnoll is moderately wounded.
You hit the gnoll.
The gnoll looks even sicker.
The gnoll is heavily wounded.
You closely miss the iguana.
The iguana is severely wounded.
The gnoll hits you with a flail.
* * * LOW HITPOINT WARNING * * *
The gnoll completely misses you. The adder skeleton barely misses you.
The iguana bites you!
You die...

###### ##....##
#.Z@...#
#glgg..#
######......#
####...........#
......$).......#
......)[=......#
......)).......#
.......##......#
....#.. ##....##


You could see an iguana, 3 gnolls and an adder skeleton.

Vanquished Creatures
  The ghost of Eucla the Skirmisher, an amateur MiBe of Trog (D:4)
  The ghost of tetracat the Insei, an amateur OpMo (D:3)
  An orc priest (D:5)
  2 orc wizards (D:5)
  3 hounds
  Natasha (twice) (D:3)
  A hound skeleton (D:4)
  4 gnolls (D:4)
  4 adders
  5 worms
  5 giant geckos
  15 orcs
  13 goblins
  9 hobgoblins
  4 jackals (D:3)
  4 ball pythons
  A ball python skeleton (D:4)
  10 bats
  5 giant cockroaches
  4 giant newts
  A jackal skeleton (D:5)
  9 kobolds
  3 quokkas
  13 rats
120 creatures vanquished.

Notes
Turn   | Place    | Note
--------------------------------------------------------------
     0 | D:1      | Eucla the Minotaur Berserker began the quest for the Orb.
     0 | D:1      | Reached XP level 1. HP: 19/19 MP: 0/0
    93 | D:1      | Reached XP level 2. HP: 25/27 MP: 1/1
   115 | D:1      | Reached skill level 4 in Axes
   291 | D:1      | Reached ** piety under Trog
   296 | D:1      | Reached XP level 3. HP: 31/33 MP: 2/2
   585 | D:2      | Found a faded altar to an unknown god.
   671 | D:2      | Reached XP level 4. HP: 30/40 MP: 3/3
   673 | D:2      | Reached *** piety under Trog
   722 | D:2      | Found a stormy altar of Qazlal.
   736 | D:2      | Found a bloodstained altar of Trog.
   979 | D:3      | Noticed tetracat's ghost (amateur OpMo)
   983 | D:3      | Killed tetracat's ghost
   983 | D:3      | Reached skill level 5 in Axes
   983 | D:3      | Reached XP level 5. HP: 44/47 MP: 4/4
  1159 | D:3      | Reached skill level 5 in Fighting
  1214 | D:3      | Reached **** piety under Trog
  1394 | D:3      | Noticed Natasha
  1407 | D:3      | Killed Natasha
  1407 | D:3      | Reached XP level 6. HP: 43/56 MP: 5/5
  1645 | D:3      | Noticed Natasha
  1649 | D:3      | Killed Natasha
  1693 | D:4      | Found a shimmering altar of Xom.
  1810 | D:4      | Reached ***** piety under Trog
  1946 | D:4      | Reached skill level 5 in Armour
  2007 | D:4      | Noticed Eucla's ghost (amateur MiBe)
  2017 | D:4      | Killed Eucla's ghost
  2017 | D:4      | Reached XP level 7. HP: 61/61 MP: 6/6
  2126 | D:4      | Found a blossoming altar of Fedhas.
  2149 | D:5      | Entered Level 5 of the Dungeon
  2155 | D:5      | Reached skill level 6 in Axes
  2191 | D:5      | Slain by an iguana

Action                   |  1- 3 |  4- 6 |  7- 9 || total
-------------------------+-------+-------+-------++-------
Melee: Hand axe          |    93 |   109 |    22 ||   224
Invok: Berserk           |       |     2 |     1 ||     3
       Trog's Hand       |       |     1 |     1 ||     2
 Stab: Sleeping          |     1 |     5 |       ||     6
  Eat: Chunk             |       |     4 |       ||     4
       Pizza             |       |       |     1 ||     1
